 Dungeon Crawl Stone Soup version 0.19.0-20-gbc5f0c6 (webtiles) character file.

126 dracos369 the Slasher (level 5, -1/32 HPs)
             Began as a Tengu Abyssal Knight on Nov 17, 2016.
             Was a Believer of Lugonu.
             Slain by Natasha (4 damage)
             ... on level 3 of the Dungeon.
             The game lasted 00:05:14 (2360 turns).

dracos369 the Slasher (Tengu Abyssal Knight)        Turns: 2360, Time: 00:05:15

Health: -1/32      AC:  3    Str: 13    XL:     5   Next: 10%
Magic:  4/7        EV: 13    Int: 12    God:    Lugonu [**....]
Gold:   114        SH:  0    Dex: 14    Spells: 0 memorised, 4 levels left

rFire  . . .     SeeInvis .     a - +1 falchion
rCold  . . .     Gourm    .     b - +0 leather armour
rNeg   . . .     Faith    .     (no shield)
rPois  .         Spirit   .     (helmet restricted)
rElec  .         Reflect  .     (no cloak)
rCorr  .         Harm     .     (no gloves)
MR     +....                    (boots unavailable)
Stlth  +.........               (no amulet)
                                (no ring)
                                e - ring of protection from magic

@: flying quickly and evasively, quick
A: beak, talons 3, able to fly 1
a: Depart the Abyss, Bend Space, Renounce Religion


You were on level 3 of the Dungeon.
You worshipped Lugonu.
Lugonu was pleased with you.
You were not hungry.

You visited 1 branch of the dungeon, and saw 3 of its levels.
You visited the Abyss 1 time.

You collected 114 gold pieces.

Inventory:

Hand Weapons
 a - a +1 falchion (weapon)
Armour
 b - a +0 leather armour (worn)
Jewellery
 e - a ring of protection from magic (left hand)
Scrolls
 d - a scroll of amnesia {unknown}
 f - a scroll of remove curse {unknown}
 h - 3 scrolls of identify {unknown}
 i - a scroll of recharging {unknown}
 k - a scroll of teleportation {unknown}
Potions
 j - a potion of heal wounds {unknown}
 m - 3 potions of flight {unknown}
 p - a potion of agility {unknown}
Comestibles
 c - a bread ration
 g - a royal jelly
 l - a meat ration
 n - 4 chunks of flesh
 o - a fruit


   Skills:
 - Level 3.0 Fighting
 + Level 5.6 Long Blades
 - Level 2.1 Armour
 - Level 1.1 Dodging
 - Level 1.5 Invocations


You had 4 spell levels left.
You didn't know any spells.

Dungeon Overview and Level Annotations

Branches:
Dungeon (3/15)

Altars:
Ru

Annotations:
D:3 Natasha


Innate Abilities, Weirdness & Mutations

You have a beak for a mouth.
You have claws for feet.
You can fly.


Message History

You feel somewhat more hungry. Natasha misses you.
You riposte.
You miss Natasha. You claw Natasha. Your peck misses Natasha.
Natasha is severely wounded.
You barely miss Natasha. Your kick misses Natasha.
Natasha is severely wounded.
Natasha closely misses you.
You hit Natasha but do no damage. You claw Natasha, but do no damage.
You peck Natasha, but do no damage.
Natasha is severely wounded.
Natasha claws you.
* * * LOW HITPOINT WARNING * * *
Natasha claws you.
* * * LOW HITPOINT WARNING * * *
You barely miss Natasha. You claw Natasha.
Natasha is almost dead.
Natasha closely misses you.
You closely miss Natasha. Your kick misses Natasha.
Natasha is almost dead.
Natasha claws you.
You die...

# ###..#+#....
##########รท.# ###.
##.........<#
##.........##.#.#
##................
##........######## .
................. ...
##........#########...#.
########........@h......
# #....##########..## #
#....# # #....# #....#
#....# #....# #....#
#....#


You could see Natasha.

Vanquished Creatures
  Natasha (D:3)
  3 gnolls (D:2)
  2 adders
  2 worms (D:3)
  2 leopard geckos (D:2)
  3 giant cockroaches
  5 goblins
  6 hobgoblins
  2 jackals (D:2)
  3 quokkas (D:2)
  A ball python (D:1)
  6 bats
  2 frilled lizards
  2 kobolds (D:1)
  7 rats
47 creatures vanquished.

Notes
Turn   | Place    | Note
-------+----------+-------------------------------------------
     0 | Abyss:1  | dracos369 the Tengu Abyssal Knight began the quest for the Orb.
     0 | Abyss:1  | Reached XP level 1. HP: 14/14 MP: 3/3
    33 | D:1      | Escaped the Abyss
   127 | D:1      | Reached XP level 2. HP: 17/19 MP: 4/4
   136 | D:1      | Reached skill level 3 in Long Blades
   779 | D:2      | Reached ** piety under Lugonu
   871 | D:2      | Found a sacrificial altar of Ru.
   879 | D:2      | Reached skill level 4 in Long Blades
   879 | D:2      | Reached XP level 3. HP: 21/23 MP: 5/5
   899 | D:2      | Reached XP level 4. HP: 6/28 MP: 6/6
  1932 | D:3      | Reached skill level 5 in Long Blades
  2310 | D:3      | Noticed Natasha
  2317 | D:3      | Killed Natasha
  2317 | D:3      | Gained mutation: You can fly. [Tengu growth]
  2317 | D:3      | Reached XP level 5. HP: 32/32 MP: 7/7
  2350 | D:3      | Noticed Natasha
  2360 | D:3      | Slain by Natasha

Skill      XL: |  1  2  3  4 |
---------------+-------------+-----
Long Blades    | 4 5 |  5.6
Fighting       | |  3.0
Armour         | |  2.1
Dodging        | |  1.1
Invocations    | |  1.5

Action                   |  1- 3 |  4- 6 || total
-------------------------+-------+-------++-------
Melee: Falchion          |    55 |    75 ||   130
       Kick              |    13 |    19 ||    32
       Peck              |    12 |     8 ||    20
 Abil: Fly               |       |     1 ||     1
  Use: Potion            |     1 |       ||     1
 Stab: Sleeping          |     1 |       ||     1
  Eat: Chunk             |       |     5 ||     5
Armor: Leather armour    |    17 |    21 ||    38
Dodge: Dodged            |    44 |    48 ||    92
       Rpst.: Falchion   |    12 |    15 ||    27
